 Dungeon Crawl Stone Soup version 0.21-a0-163-g3aa3f5d (webtiles) character file.

12509 namelastname112 the Frost Mage (level 11, -7/83 (84) HPs)
             Began as a Purple Draconian Wanderer on Aug 5, 2017.
             Was an Elder of Sif Muna.
             Mangled by Urug
             ... wielding a +3 demon trident
              (18 damage)
             ... on level 10 of the Dungeon.
             The game lasted 00:27:25 (14137 turns).

namelastname112 the Frost Mage (DrWn)              Turns: 14137, Time: 00:27:26

HP:   -7/83 (84)    AC: 11    Str: 14    XL:     11   Next: 63%
MP:   5/23          EV: 13    Int: 17    God:    Sif Muna [****..]
Gold: 559           SH:  0    Dex: 12    Spells: 17/26 levels left

rFire    . . .     SeeInvis .   s - staff of cold
rCold    + . .     Gourm    +   (no shield)
rNeg     . . .     Faith    .   (armour unavailable)
rPois    +         Spirit   .   w - +1 hat {MR+}
rElec    .         Reflect  .   (no cloak)
rCorr    .         Harm     .   b - +1 pair of gloves
MR       ++...                  l - +0 pair of boots
Stlth    ++........             K - amulet of the gourmand
HPRegen  0.23/turn              t - ring of poison resistance
MPRegen  0.18/turn              (no ring)

@: lethally poisoned (-7 -> -13)
A: breathe power, unfitting armour, talons 1, agile 1, cold-blooded, AC +7
a: Breathe Dispelling Energy, Divine Energy, Channel Magic, Forget Spell,
Renounce Religion


You were on level 10 of the Dungeon.
You worshipped Sif Muna.
Sif Muna was greatly pleased with you.
You were very full.

You visited 1 branch of the dungeon, and saw 11 of its levels.

You collected 559 gold pieces.

Inventory:

Hand Weapons
 f - a +2 flail of crushing
Missiles
 n - 5 curare-tipped needles
Armour
 b - a +1 pair of gloves (worn)
 l - a +0 pair of boots (worn)
 w - a +1 hat of magic resistance (worn)
Magical Staves
 s - an uncursed staff of cold (weapon)
 C - an uncursed staff of summoning
Jewellery
 t - a ring of poison resistance (left hand)
 K - an amulet of the gourmand (around neck)
Wands
 g - a wand of iceblast (0/15)
 o - a wand of polymorph (3/24)
 y - a wand of polymorph (15/24)
 A - a wand of disintegration (14/24)
 D - a wand of confusion (26/48)
 H - a wand of polymorph (11/24)
 I - a wand of flame (29/48)
Scrolls
 c - 3 scrolls of teleportation
 m - a scroll of magic mapping
 u - 2 scrolls of remove curse
 v - a scroll of enchant armour
 z - a scroll of identify
 E - 2 scrolls of brand weapon
Potions
 e - 4 potions of haste
 h - 3 potions of heal wounds
 j - a potion of lignification
 k - a potion of degeneration
 p - 3 potions of brilliance
 q - a potion of agility
 r - 2 potions of mutation
 F - a potion of curing
 G - a potion of might
Books
 a - a book of Frost

   Spells                             Type                      Level
   a - Freeze                         Ice                          1
   b - Throw Frost                    Conjuration/Ice              2
   c - Ozocubu's Armour               Charms/Ice                   3
   d - Throw Icicle                   Conjuration/Ice              4
   e - Summon Ice Beast               Ice/Summoning                4
 J - a book of Enchantments

   Spells                             Type                      Level
   a - Cause Fear                     Hexes                        4
   b - Yara's Violent Unravelling     Hexes/Transmutation          5
   c - Silence                        Hexes/Air                    5
   d - Deflect Missiles               Charms/Air                   6
   e - Discord                        Hexes                        8
Comestibles
 d - 4 bread rations
 i - 7 royal jellies
 x - 12 fruits
 B - 5 meat rations


   Skills:
 + Level 4.0 Fighting
 + Level 5.1 Staves
 - Level 1.0 Throwing
 + Level 3.5 Dodging
 - Level 1.0 Stealth
 - Level 1.0 Unarmed Combat
 + Level 8.2 Spellcasting
 + Level 6.7 Conjurations
   Level 2.0 Fire Magic
 * Level 10.6 Ice Magic
 + Level 7.3 Invocations
 + Level 7.0 Evocations


You had 17 spell levels left.
You knew the following spells:

 Your Spells              Type           Power        Failure   Level  Hunger
c - Summon Ice Beast      Ice/Summ       #####...     12%         4    ###....
x - Throw Icicle          Conj/Ice       ######..     2%          4    ###....
z - Freeze                Ice            ####         1%          1    None


Dungeon Overview and Level Annotations

Branches:
Dungeon (11/15)            Temple (0/1) D:7            Lair (0/6) D:10
    Orc (0/2) D:10

Altars:
Ashenzari
Cheibriados
Fedhas
Gozag
Hepliaklqana
Makhleb
Okawaru
Ru
Sif Muna
Trog
Vehumet
Xom
Yredelemnul
Zin
The Shining One

Shops:
D:2 *   D:7 (

Annotations:
D:5 exclusion: statue
D:10 Maurice, Urug


Innate Abilities, Weirdness & Mutations

You can breathe bolts of dispelling energy.
Your rich purple scales are hard. (AC +7)
You cannot fit into any form of body armour.
You are cold-blooded and may be slowed by cold attacks.
You have sharp toenails.
You are agile. (Dex +2)


Message History

The killer bee barely misses your ice beast.
Your ice beast barely misses the killer bee.
The killer bee stings your ice beast but does no damage.
You take 1 damage, and have 14/83 hp.
Your surroundings suddenly seem different.
You feel sick.
Found 14 royal jellies.
Maurice the Thief comes into view.
He is wielding a dagger.
You take 1 damage, and have 13/83 hp.
As you read the scroll of teleportation, it crumbles to dust.
You feel strangely unstable.
You feel sick.
You take 1 damage, and have 12/83 hp.
You feel sick. The killer bee misses you.
An orc comes into view. It is wielding an enchanted falchion.
Your surroundings suddenly seem different.
You feel sick.
Urug the Orcish Ballista comes into view.
She is wielding an enchanted demon trident.
Urug shouts!
Maurice shouts!
The orc shouts!
Urug hits you with an enchanted demon trident!!
You die...

.....#
#...#
....##
#..#.#
....#
##'##.#
...##
##.....#
..##
.'.....#
...
###...@.#
...
#.....#
#..o..#
#.@...#
#o....#
#.....#
##...##
##..# ...
....
....#


You could see Urug, Maurice and an orc.

Vanquished Creatures
  Gastronok (D:8)
  A hydra (D:8)
  Erica (D:7)
  Pikel (D:8)
  Psyche (D:8)
  A queen bee (D:10)
  3 hippogriffs
  2 dream sheep (D:8)
  A wraith (D:10)
  A yak (D:6)
  A wyvern (D:10)
  A basilisk (D:10)
  A sky beast (D:10)
  A slave (D:8)
  A necrophage (D:9)
  8 orc warriors
  An ice beast (D:10)
  2 black bears (D:9)
  2 ogres
  3 phantoms
  7 centaurs
  4 big kobolds (D:8)
  3 bullfrogs
  4 scorpions
  9 killer bees (D:10)
  A howler monkey (D:9)
  A quasit (D:7)
  3 crimson imps
  2 jellies
  3 bullfrog zombies
  3 centaur skeletons
  A bullfrog skeleton (D:4)
  8 orc priests
  5 hounds
  2 iguanas
  14 orc wizards
  7 worker ants
  A killer bee zombie (D:9)
  A hound zombie (D:11)
  2 hound skeletons
  3 gnolls (D:11)
  8 adders
  3 shadow imps
  An ooze (D:3)
  An adder skeleton (D:6)
  7 worms
  3 dart slugs
  3 leopard geckos
  61 orcs
  4 ball pythons
  7 bats
  6 giant cockroaches
  6 goblins
  7 hobgoblins
  8 jackals
  17 kobolds
  A quokka (D:7)
  5 frilled lizards
  A giant cockroach zombie (D:5)
  2 leopard gecko skeletons
  A quokka skeleton (D:6)
  2 quokka zombies
  3 rats
275 creatures vanquished.

Vanquished Creatures (collateral kills)
  A two-headed ogre (D:10)
  An elephant (D:10)
  A centaur zombie (D:10)
  4 yaks
  2 orc warriors
  2 centaurs (D:10)
  A phantom (D:10)
  A crocodile (D:10)
  A bullfrog (D:10)
  A jelly (D:10)
  4 killer bees (D:10)
  3 wights (D:10)
  3 orc wizards (D:10)
  3 orcs (D:10)
28 creatures vanquished.

Vanquished Creatures (others)
  2 fungi (D:10)
  A plant (D:8)
3 creatures vanquished.

Grand Total: 306 creatures vanquished

Notes
Turn   | Place    | Note
-------+----------+-------------------------------------------
     0 | D:1      | namelastname112 the Draconian Wanderer began the quest for the Orb.
     0 | D:1      | namelastname112 set off with: a book of Frost, a potion of curing, a +0 club, a bread ration
     0 | D:1      | Reached XP level 1. HP: 14/14 MP: 2/2
     2 | D:1      | Learned a level 1 spell: Freeze
   125 | D:1      | Reached skill level 1 in Fighting
   230 | D:1      | Reached XP level 2. HP: 4/23 MP: 0/3
  1207 | D:2      | Reached XP level 3. HP: 27/29 MP: 2/5
  1258 | D:2      | Found Zin's Purification Station.
  1259 | D:2      | Found a glowing silver altar of Zin.
  1869 | D:2      | Reached XP level 4. HP: 24/37 MP: 6/6
  1967 | D:2      | Found an opulent altar of Gozag.
  2502 | D:3      | Found a glowing golden altar of the Shining One.
  2633 | D:3      | Found a blossoming altar of Fedhas.
  2666 | D:3      | Found a burning altar of Makhleb.
  2683 | D:3      | Noticed a phantom
  3204 | D:3      | Killed a phantom
  3204 | D:3      | Reached XP level 5. HP: 33/45 MP: 8/8
  3689 | D:3      | Found a deep blue altar of Sif Muna.
  3705 | D:3      | Became a worshipper of Sif Muna the Loreminder
  3804 | D:4      | Reached skill level 3 in Ice Magic
  3836 | D:4      | Reached XP level 6. HP: 49/51 MP: 10/10
  3871 | D:4      | Found a hazy altar of Hepliaklqana.
  4210 | D:4      | Found a burning altar of Makhleb.
  4286 | D:4      | Found a sacrificial altar of Ru.
  4498 | D:4      | Reached skill level 4 in Ice Magic
  4523 | D:4      | Your scales start taking on a rich purple colour.
  4523 | D:4      | Reached XP level 7. HP: 56/58 MP: 13/13
  4627 | D:5      | Entered Level 5 of the Dungeon
  4654 | D:5      | Learned a level 4 spell: Throw Icicle
  4931 | D:5      | Found a radiant altar of Vehumet.
  4942 | D:5      | Reached skill level 1 in Conjurations
  4942 | D:5      | Reached skill level 1 in Invocations
  5955 | D:5      | Found a shattered altar of Ashenzari.
  6249 | D:5      | Gained mutation: Your magical capacity is low. (-10% MP) [potion of mutation]
  6249 | D:5      | Gained mutation: You are agile. (Dex +2) [potion of mutation]
  6250 | D:5      | Lost mutation: You are agile. (Dex +2) [potion of mutation]
  6250 | D:5      | Lost mutation: Your magical capacity is low. (-10% MP) [potion of mutation]
  6250 | D:5      | Gained mutation: You are occasionally teleported next to monsters. [potion of mutation]
  6250 | D:5      | Gained mutation: Your mind is acute. (Int +2) [potion of mutation]
  6251 | D:5      | Lost mutation: Your mind is acute. (Int +2) [potion of mutation]
  6251 | D:5      | Lost mutation: You are occasionally teleported next to monsters. [potion of mutation]
  6251 | D:5      | Gained mutation: You evolve. [potion of mutation]
  6251 | D:5      | Gained mutation: You have sharp toenails. [potion of mutation]
  6278 | D:7      | Reached skill level 5 in Ice Magic
  6303 | D:7      | Reached XP level 8. HP: 35/66 MP: 6/15
  6559 | D:7      | Found Qyuwe's Weapon Shop.
  6627 | D:7      | Noticed a hippogriff
  6637 | D:7      | Killed a hippogriff
  6637 | D:7      | Reached skill level 5 in Spellcasting
  6723 | D:7      | Reached * piety under Sif Muna
  6883 | D:7      | Found an iron altar of Okawaru.
  6904 | D:7      | Found a snail-covered altar of Cheibriados.
  6931 | D:7      | Found a staircase to the Ecumenical Temple.
  7032 | D:8      | Noticed Erica
  7178 | D:7      | Killed Erica
  7178 | D:7      | Reached skill level 6 in Ice Magic
  7178 | D:7      | Reached XP level 9. HP: 33/71 MP: 5/17
  7515 | D:8      | Reached skill level 7 in Ice Magic
  7517 | D:8      | Gained mutation: You are agile. (Dex +2) [evolution]
  7517 | D:8      | Lost mutation: You evolve. [end of evolution]
  7735 | D:8      | Reached ** piety under Sif Muna
  8074 | D:8      | Noticed Gastronok
  8395 | D:8      | Killed Gastronok
  8395 | D:8      | Reached skill level 8 in Ice Magic
  8395 | D:8      | Reached skill level 5 in Invocations
  8395 | D:8      | Reached skill level 5 in Evocations
  8395 | D:8      | Reached XP level 10. HP: 43/78 MP: 0/20
  8640 | D:8      | Found a shimmering altar of Xom.
  8730 | D:8      | Noticed Pikel
  8756 | D:8      | Killed Pikel
  9113 | D:6      | Reached skill level 5 in Conjurations
  9363 | D:6      | Learned a level 4 spell: Summon Ice Beast
  9950 | D:8      | Reached *** piety under Sif Muna
  9950 | D:8      | Reached skill level 9 in Ice Magic
 10029 | D:8      | Noticed a two-headed hydra
 10035 | D:8      | Killed a two-headed hydra
 10256 | D:9      | Noticed Psyche
 10278 | D:8      | Killed Psyche
 10541 | D:9      | Found a basalt altar of Yredelemnul.
 10627 | D:9      | Found a bloodstained altar of Trog.
 10950 | D:9      | Reached XP level 11. HP: 75/82 MP: 22/22
 11156 | D:10     | Entered Level 10 of the Dungeon
 11182 | D:10     | Noticed a two-headed ogre
 11187 | D:10     | Killed a two-headed ogre
 11296 | D:10     | Found a staircase to the Lair.
 11401 | D:10     | Reached skill level 10 in Ice Magic
 11604 | D:10     | Reached **** piety under Sif Muna
 13640 | D:10     | Found a staircase to the Orcish Mines.
 14000 | D:10     | Reached skill level 5 in Staves
 14135 | D:10     | Noticed Maurice
 14137 | D:10     | Noticed Urug
 14137 | D:10     | Mangled by Urug

Vault maps used:
D:1:      doesnt_arrival_eight_statues, minmay_pentomino_p2
D:2:      zin_purify, serial_forest, infiniplex_forest_lined_4_way,
          infiniplex_forest_diagonal, infiniplex_forest_clump_medium,
          infiniplex_forest_clump_medium, infiniplex_forest_lined_2,
          infiniplex_forest_lined_room_, infiniplex_forest_lined_corner,
          infiniplex_forest_diagonal, infiniplex_forest_lined_room_2,
          first_bread, grunt_gozag_statues
D:3:      nicolae_overflow_crystal_walls, lemuel_crystal_altar, fedhas_altar_1,
          st_stairs_7, hangedman_abyss_or_decor_stabs, lemuel_blue_sif_altar
D:4:      lemuel_coloured_pillars_altar, lemuel_round_altar,
          makhleb_blood_cavern_becter
D:5:      vehumet_statue, lemuel_doored_altar, kennysheep_generic_room_15
D:6:      nrook_mini_backslash
D:7:      minitemple, minmay_temple_entry_glass, serial_shops, shop
D:8:      kennysheep_mini, hangedman_ranch, hangedman_decor_push, uniq_pikel,
          uniq_gastronok, uniq_erica
D:9:      marbit_many_paths, trog_ov_bears_minmay, uniq_psyche
D:10:     david_lair_generic, hiddenorc2_lemuel, centaur_isle, uniq_urug,
          uniq_maurice
D:11:     gammafunk_corrupted_shrine, serial_glass, glass_columns_a,
          glass_columns_a

Skill      XL: |  1  2  3  4  5  6  7  8  9 10 11 |
---------------+----------------------------------+-----
Fighting       | 1 2 3 4 |  4.0
Dodging        | 2 3 |  3.5
Spellcasting   | 2 4 5 6 7 8 |  8.2
Ice Magic      | 3 4 5 6 8 9 10 | 10.6
Conjurations   | 2 3 4 5 6 |  6.7
Invocations    | 2 3 5 6 7 |  7.3
Evocations     | 2 4 5 6 7 |  7.0
Staves         | 2 4 5 |  5.1
Throwing       | |  1.0
Stealth        | |  1.0
Unarmed Combat | |  1.0
Fire Magic     | |  2.0

Action                   |  1- 3 |  4- 6 |  7- 9 | 10-12 || total
-------------------------+-------+-------+-------+-------++-------
Melee: Dagger            |    14 |       |       |       ||    14
       Club              |     9 |       |       |       ||     9
       Tailslap          |     8 |    13 |    23 |    53 ||    97
       Whip              |    59 |   119 |       |       ||   178
       Flail             |       |    48 |     7 |       ||    55
       Punch             |       |     1 |     1 |     1 ||     3
       Staff             |       |       |   142 |   400 ||   542
 Cast: Freeze            |    35 |    39 |   139 |   141 ||   354
       Throw Icicle      |       |       |    15 |    59 ||    74
       Summon Ice Beast  |       |       |       |    36 ||    36
Invok: Divine Energy     |       |       |       |     1 ||     1
       Stop Divine Energ |       |       |       |     1 ||     1
 Abil: Breathe Dispellin |       |       |       |     1 ||     1
Evoke: Wand              |       |       |     4 |     1 ||     5
  Use: Potion            |       |     4 |     6 |     2 ||    12
       Scroll            |       |     4 |    13 |     9 ||    26
 Stab: Sleeping          |     1 |       |       |       ||     1
       Distracted        |       |     1 |     1 |     2 ||     4
  Eat: Chunk             |     4 |     8 |     6 |    27 ||    45
       Fruit             |       |     2 |     1 |     3 ||     6
       Meat ration       |       |       |     1 |     1 ||     2
       Royal jelly       |       |       |     1 |     3 ||     4
Armor: Skin              |    39 |    51 |   111 |   275 ||   476
Dodge: Dodged            |    84 |   126 |   196 |   466 ||   872
